 Dungeon Crawl Stone Soup version 0.31.0-11-ge490571c62 (webtiles) character file.

Game seed: 6587248330005416576

14507 Flugkiller the Grappler (level 11, -3/102 HPs)
             Began as a Troll Fighter on Jan 29, 2024.
             Was a High Priest of Okawaru.
             Slain by a blink frog (10 damage)
             ... on level 3 of the Lair of Beasts.
             The game lasted 00:26:56 (4811 turns).

Flugkiller the Grappler (Troll Fighter)             Turns: 4811, Time: 00:26:56

Health: -3/102     AC:  8    Str: 32    XL:     11   Next: 89%
Magic:  15/15      EV:  8    Int:  4    God:    Okawaru [*****.]
Gold:   564        SH: 13    Dex:  6    Spells: 10/10 levels left

rFire   . .          .
                       - Unarmed
rCold   . . .        b - +0 kite shield
rNeg    . . .        D - +1 robe "Dymuist" {Str+2 Dex-3 SInv}
rPois   .            (helmet restricted)
rElec   .            c - +2 cloak {Will+}
rCorr   .            (gloves unavailable)
SInv    +            (boots unavailable)
Will    ++...        B - amulet of reflection
Stlth   +            m - ring of willpower
HPRegen 1.17/turn    i - ring of see invisible
MPRegen 0.14/turn

%: reflection
@: hasted, very quick
A: large, unfitting armour, claws 3, regeneration 1, shaggy fur 1, tough skin 1
a: Renounce Religion, Heroism, Finesse, Duel


You were on level 3 of the Lair of Beasts.
You worshipped Okawaru.
Okawaru was extremely pleased with you.
You visited 3 branches of the dungeon, and saw 15 of its levels.
You also visited: Bailey and Volcano.

You collected 564 gold pieces.

Inventory:

Hand Weapons
 p - the +1 war axe of Dissolution {elec, Stlth+}
   (You found it on level 5 of the Dungeon)

   Stlth+:    It makes you more stealthy.
Missiles
 e - 2 boomerangs
 f - 9 poisoned darts
 k - a throwing net
 v - 27 javelins (quivered)
Armour
 a - a +0 robe
 b - a +0 kite shield (worn)
 c - a +2 cloak of willpower (worn)
   (You took it off Maurice on level 7 of the Dungeon)
 D - the +1 robe "Dymuist" (worn) {Str+2 Dex-3 SInv}
   (You found it on level 7 of the Dungeon)

   Str+2:     It affects your strength (+2).
   Dex-3:     It affects your dexterity (-3).
   SInv:      It lets you see invisible.
Jewellery
 i - a ring of see invisible (right claw)
   (You found it on level 11 of the Dungeon)
 m - a ring of willpower (left claw)
   (You found it on level 3 of the Dungeon)
 r - a +6 ring of intelligence
   (You found it on level 2 of the Lair of Beasts)
 w - a ring of magical power
   (You found it on level 4 of the Dungeon)
 z - a ring of wizardry
   (You found it on level 8 of the Dungeon)
 B - an amulet of reflection (around neck)
   (You found it on level 9 of the Dungeon)
Wands
 u - a wand of flame (12)
   (You took it off Maurice on level 7 of the Dungeon)
 A - a wand of digging (7)
   (You found it on level 8 of the Dungeon)
 C - a wand of mindburst (8)
   (You found it on level 11 of the Dungeon)
Scrolls
 l - 3 scrolls of enchant armour
 s - a scroll of revelation
 t - 4 scrolls of teleportation
 x - a scroll of enchant weapon
 y - 3 scrolls of noise
 E - 3 scrolls of poison
 F - a scroll of vulnerability {unknown}
 G - a scroll of amnesia {unknown}
 I - a scroll of acquirement {unknown}
Potions
 d - a potion of might
 g - a potion of lignification
 h - a potion of haste
 j - 2 potions of attraction
 n - a potion of resistance
 o - a potion of enlightenment
 q - a potion of curing
 H - a potion of brilliance {unknown}
 J - a potion of cancellation {unknown}


   Skills:
 - Level 5.0 Fighting
 + Level 10.6 Throwing
 - Level 2.4 Dodging
 - Level 5.0 Shields
 - Level 12.0 Unarmed Combat
 - Level 7.0 Invocations


You had 10 spell levels left.
You didn't know any spells.
Your spell library contained the following spells:

 Spells                   Type           Power      Damage    Failure   Level
 Sublimation of Blood     Necr           0%         N/A       83%         2
 Call Imp                 Summ           Unusable   N/A       N/A         2
 Summon Hydra             Summ           Unusable   N/A       N/A         7

Dungeon Overview and Level Annotations

Branches:
Dungeon (11/15) Zot: 26881  Temple (1/1) D:5 Zot: 5928    Lair (3/5) D:11 Zot: 17533
 Spider (0/4) Lair:3       Bailey (visited)         Volcano (visited)
  Swamp: Lair:2-3    Shoals: Lair:2-3       Orc: D:9-12

Altars:
Ashenzari
Cheibriados
Dithmenos
Elyvilon
Fedhas
Gozag
Kikubaaqudgha
Makhleb
Nemelex Xobeh
Okawaru
Qazlal
Trog
Uskayaw
Vehumet
Wu Jian
Xom
Yredelemnul
The Shining One

Shops:
D:5 :[

Annotations:
D:5 Menkaure
Lair:1 2 transporters
Lair:2 shoals


Innate Abilities, Weirdness & Mutations

You are too large for most types of armour.
You have claws for hands.
Your natural rate of healing is unusually fast.
You are covered in fur. (AC +1)
You have tough skin. (AC +1)


Message History

You block the giant cockroach's attack. The ribbon worm bites you.
You barely miss the giant cockroach. The giant cockroach misses you.
The giant cockroach closely misses you.
You mangle the ribbon worm!!
You kill the ribbon worm!
Okawaru accepts your kill.
The giant cockroach bites you but does no damage.
You closely miss the giant cockroach. You block the giant cockroach's attack.
You mangle the giant cockroach!!
You kill the giant cockroach!
Things that are here:
a giant cockroach corpse; a water moccasin corpse
Things that are here:
a ribbon worm corpse; a bullfrog corpse; a giant cockroach corpse
v - 26 javelins (gained 1)
v - 27 javelins (gained 1)
Found a scale mail.
There is a hole to the Spider Nest here.
A wolf comes into view.
Found a shiny gold wand.
The wolf howls!
A komodo dragon comes into view.
The wolf attacks as it pursues you! The wolf bites you.
You block the wolf's attack.
A blink frog comes into view.
The blink frog gives a loud, deep croak!
You hear a croak.
The blink frog blinks!
A blink frog comes into view.
A blink frog comes into view.
The wolf closely misses you.
The blink frog croaks.
The blink frog gives a loud, deep croak!
A blink frog comes into view.
You block the wolf's attack.
You scratch the wolf.
The wolf is moderately wounded.
The blink frog blinks!
A blink frog comes into view.
The wolf bites you.
The blink frog blinks!
You barely miss the wolf.
The wolf is moderately wounded.
The blink frog croaks.
The blink frog blinks!
The wolf bites you!
The blink frog blinks! x2
The blink frog hits you.
The blink frog blinks!
You block the wolf's attack.
You claw the wolf!
The wolf is heavily wounded.
The wolf bites you but does no damage.
The blink frog hits the plant!
The plant begins to die.
The blink frog blinks!
You closely miss the wolf.
The wolf is heavily wounded.
You block the wolf's attack.
The blink frog blinks!
The blink frog hits you!
The blink frog blinks!
The wolf bites you.
You mangle the wolf!!
You kill the wolf!
Okawaru accepts your kill.
Training target 7.0 for Invocations reached!
Your Invocations skill increases to level 7!
You mangle the komodo dragon!!
The komodo dragon is heavily wounded.
A nearby plant withers and dies.
You block the blink frog's attack.
The blink frog hits you but does no damage.
You block the blink frog's attack.
You scratch the komodo dragon but do no damage.
The komodo dragon is heavily wounded.
You block the komodo dragon's attack. You block the blink frog's attack.
The blink frog blinks!
You closely miss the komodo dragon.
The komodo dragon is heavily wounded.
The blink frog hits you.
The blink frog blinks!
The komodo dragon bites you!! You block the blink frog's attack.
You claw the komodo dragon!
The komodo dragon is severely wounded.
You block the blink frog's attack.
The komodo dragon completely misses you.
The blink frog blinks!
You barely miss the komodo dragon.
The komodo dragon is severely wounded.
The blink frog blinks!
The blink frog barely misses you. The komodo dragon barely misses you.
You closely miss the komodo dragon.
The komodo dragon is severely wounded.
The blink frog hits you! x2; The blink frog misses you.
You block the komodo dragon's attack. You block the blink frog's attack.
The blink frog barely misses you.
You scratch the komodo dragon but do no damage.
The komodo dragon is severely wounded.
The blink frog blinks!
The blink frog hits you. x2; The blink frog hits you!
* * * LOW HITPOINT WARNING * * *
The blink frog blinks!
The komodo dragon bites you!
* * * LOW HITPOINT WARNING * * *
Okay, then.
Okay, then.
Unknown command.
Unknown command.
Unknown command.
Okay, then.
Okay, then.
You feel yourself speed up. The blink frog hits you!
You die...

##....# ....#.....#..
††...####..###.......
.†....#.#.......[....
##....##...##...P...
##[......>......# #
#....##.......#.#.##
#...#..#.#..#.###..#
##P.#.##..#.#Fl#F..#
##...#...#...#@F..#
............#...##
##.....#.##P.##P/.#
#P...######## P..F#
.#. #...# .....
#..... #....


You could see a komodo dragon and 4 blink frogs.

Vanquished Creatures
  A centaur warrior (Volcano)
  A catoblepas (Lair:2)
  A two-headed ogre (D:11)
  3 death yaks (D:11)
  A hell knight (Volcano)
  A manticore (D:11)
  Maurice (D:7)
  A black mamba (Lair:2)
  A gargoyle (Volcano)
  A molten gargoyle (Volcano)
  3 cane toads
  An unseen horror (D:11)
  A yaktaur (Volcano)
  A komodo dragon (Lair:2)
  3 wyverns
  5 yaks (D:11)
  2 fire bats
  A steam dragon (D:9)
  An acid dragon (D:9)
  2 water moccasins
  15 orc warriors
  A sky beast (D:7)
  2 ogres
  3 wolves (Lair:3)
  18 centaurs
  Blork the orc (D:4)
  4 bullfrogs
  2 scorpions
  A burial acolyte (D:5)
  7 wights
  A howler monkey (D:6)
  A lava snake (Volcano)
  2 bombardier beetles
  2 jellies
  4 hounds
  5 orc priests
  3 iguanas
  A sleepcap (D:5)
  6 orc wizards
  5 hell rats (Lair:2)
  2 hound zombies (D:5)
  7 gnolls
  An adder (D:4)
  3 shadow imps (D:5)
  3 white imps
  An adder zombie (D:5)
  4 ribbon worms
  47 orcs
  5 ball pythons
  6 endoplasms
  7 giant cockroaches
  2 gnoll zombies (D:5)
  3 hobgoblins
  3 jackals
  4 kobolds
  2 quokkas
  2 frilled lizards (D:1)
  4 goblins (D:9)
  2 kobold zombies (D:5)
  2 rats (D:3)
226 creatures vanquished.

Vanquished Creatures (others)
  A hell rat (Lair:2)
1 creature vanquished.

Grand Total: 227 creatures vanquished

Notes
Turn   | Place    | Note
-------+----------+-------------------------------------------
     0 | D:1      | Flugkiller the Troll Fighter began the quest for the Orb.
     0 | D:1      | Reached XP level 1. HP: 22/22 MP: 0/0
    76 | D:1      | Reached XP level 2. HP: 29/29 MP: 1/1
   105 | D:1      | Reached skill level 3 in Unarmed Combat
   257 | D:2      | Reached XP level 3. HP: 7/36 MP: 2/2
   400 | D:5      | Entered Level 5 of the Dungeon
   419 | D:5      | Noticed Menkaure
   420 | D:5      | Identified the +1 war axe of Dissolution {elec, Stlth+}
   567 | D:4      | Reached skill level 4 in Unarmed Combat
   568 | D:4      | Noticed an ogre
   578 | D:4      | Killed an ogre
   579 | D:4      | Reached skill level 5 in Unarmed Combat
   579 | D:4      | Reached XP level 4. HP: 34/44 MP: 3/3
   579 | D:4      | Reached XP level 5. HP: 39/50 MP: 4/4
   666 | D:4      | Reached skill level 6 in Unarmed Combat
   698 | D:5      | Found Zaxowun's Self-Published Books.
   807 | D:5      | Found an ancient bone altar of Kikubaaqudgha.
   828 | D:5      | Reached XP level 6. HP: 34/59 MP: 5/5
   831 | D:5      | Reached skill level 1 in Throwing
   866 | D:5      | Found Cusasa's Antique Armour Shoppe.
   945 | D:5      | Reached XP level 7. HP: 62/66 MP: 6/6
  1119 | D:5      | Reached skill level 5 in Throwing
  1209 | D:7      | Noticed Maurice
  1217 | D:7      | Killed Maurice
  1218 | D:7      | Reached skill level 7 in Unarmed Combat
  1218 | D:7      | Reached XP level 8. HP: 71/74 MP: 2/7
  1245 | D:7      | Identified the +1 robe "Dymuist" {Str+2 Dex-3 SInv}
  1276 | D:7      | Found a burning altar of Makhleb.
  1276 | D:7      | Noticed a balrug
  1308 | D:7      | Reached skill level 8 in Unarmed Combat
  1529 | D:7      | Reached skill level 9 in Unarmed Combat
  1618 | D:6      | Reached XP level 9. HP: 28/80 MP: 8/8
  2071 | D:8      | Reached skill level 10 in Unarmed Combat
  2184 | D:7      | Found a shimmering altar of Xom.
  2345 | D:5      | Found a hide-covered altar of Uskayaw.
  2524 | D:4      | Found a bloodstained altar of Trog.
  2543 | D:4      | Found a glowing golden altar of the Shining One.
  2543 | D:4      | Found a broken altar of Ashenzari.
  2543 | D:4      | Noticed Blork the orc
  2548 | D:4      | Killed Blork the orc
  2659 | D:5      | Found a staircase to the Ecumenical Temple.
  2665 | Temple   | Entered the Ecumenical Temple
  2701 | Temple   | Became a worshipper of Warmaster Okawaru
  3182 | D:9      | Found a flagged portal.
  3194 | Bailey   | Entered a bailey
  3221 | Bailey   | Reached skill level 1 in Invocations
  3324 | Bailey   | Reached * piety under Okawaru
  3349 | Bailey   | Reached skill level 11 in Unarmed Combat
  3357 | Bailey   | Reached XP level 10. HP: 89/91 MP: 10/10
  3544 | Bailey   | Reached ** piety under Okawaru
  4012 | D:10     | Entered Level 10 of the Dungeon
  4045 | D:11     | Noticed a two-headed ogre
  4050 | D:11     | Killed a two-headed ogre
  4063 | D:11     | Noticed a death yak
  4065 | D:11     | Noticed a death yak
  4067 | D:11     | Found a staircase to the Lair.
  4067 | D:11     | Noticed a death yak
  4096 | D:11     | Killed a death yak
  4096 | D:11     | Reached *** piety under Okawaru
  4097 | D:11     | Reached skill level 12 in Unarmed Combat
  4103 | D:11     | Killed a death yak
  4104 | D:11     | Reached XP level 11. HP: 96/101 MP: 12/12
  4105 | D:11     | Killed a death yak
  4105 | D:11     | Reached **** piety under Okawaru
  4107 | D:11     | Reached skill level 5 in Shields
  4151 | Lair:1   | Entered Level 1 of the Lair of Beasts
  4151 | Lair:1   | Found a transporter.
  4151 | Lair:1   | Found a transporter.
  4197 | Lair:1   | Noticed a boulder beetle
  4197 | Lair:1   | Noticed a boulder beetle
  4259 | Lair:2   | Reached skill level 5 in Fighting
  4317 | Lair:2   | Noticed a catoblepas
  4337 | Lair:2   | Killed a catoblepas
  4337 | Lair:2   | Reached ***** piety under Okawaru
  4338 | Lair:2   | Reached skill level 5 in Invocations
  4483 | Lair:1   | Found a dark tunnel.
  4492 | Volcano  | Entered a volcano
  4546 | Volcano  | Found a burning altar of Makhleb.
  4546 | Volcano  | Noticed a centaur warrior
  4555 | Volcano  | Killed a centaur warrior
  4556 | Volcano  | Reached skill level 10 in Throwing
  4571 | Volcano  | Noticed a hell knight
  4577 | Volcano  | Killed a hell knight
  4736 | Lair:3   | Found a hole to the Spider Nest.
  4811 | Lair:3   | Slain by a blink frog

Illustrated notes

Levels and vault maps discovered:
D:1:      lemuel_arrival_hallway, layout_basic
D:2:      layout_basic, hellmonk_ecumenical_altar_blasted, minmay_quantized,
          uniq_robin, uniq_crazy_yiuf_cottage, uniq_jessica
D:3:      layout_basic, nicolae_ru_the_path_less_chosen,
          ebering_dispersal_statue_hall, minmay_quadrilaterals
D:4:      layout_loops_ring, nzn_hepliaklqana_mist_gate, trog_hazing_becter,
          amethyst_overflow_temple_binary, kennysheep_generic_room_6,
          uniq_blork_the_orc
D:5:      layout_cave_pods, regret_index_kikubaaqudgha_part_by_part,
          nicolae_uskayaw_murder_on_the_dancefloor, minmay_temple_entry_fiery,
          serial_demonic, serial_demonic_a, serial_demonic_g, serial_demonic_b,
          serial_demonic_c, serial_shops, nicolae_shop_pleasant_corner_grove,
          st_stairs_3, nicolae_custom_books, uniq_menkaure
D:6:      layout_rooms, dreamdust_mushroom_princess
D:7:      layout_loops_ring, kennysheep_orc_sif_temple, regret_index_xom_of_box,
          makhleb_altar_promises_db, grunt_ministairs_2, uniq_maurice
D:8:      layout_basic, serial_library_hellmonk_open_cross, minmay_holes
D:9:      layout_long_grid, enter_bailey_3, serial_co_window_serial,
          co_window_paths_a, co_window_paths_b, co_window_paths_b,
          co_window_paths_a, co_window_corner_a, co_window_paths_b,
          co_window_corner_a, co_window_corner_a, co_window_paths_a,
          co_window_corner_b, co_window_of_opportunity_b, co_window_broadway_b,
          co_window_corner_ca, co_window_paths_c, co_window_corner_b,
          co_window_broadway_b, co_window_paths_e, glass_columns_a
D:10:     layout_irregular_city, old_standard_altar, hex_medium,
          minmay_misc_feat_nine_boxes, nicolae_twisting_strands, uniq_psyche
D:11:     layout_rooms, dpeg_lair_monsters
Temple:   bh_familiar_temple
Lair:1:   gammafunk_boulding_lane, layout_chaotic_city, enter_volcano_2,
          uniq_sonja, uniq_gastronok
Lair:2:   layout_misc_corridors, minmay_shoals_entry_hut, serial_forest,
          infiniplex_forest_straight_4, infiniplex_forest_zigzag_1,
          infiniplex_forest_straight_2, infiniplex_forest_clump_diagonal,
          infiniplex_forest_straight_2, infiniplex_forest_clump_curved,
          infiniplex_forest_lined_3
Lair:3:   layout_layer_cave, nicolae_spider_entry_non_spiders

Skill      XL: |  1  2  3  4  5  6  7  8  9 10 11 |
---------------+----------------------------------+-----
Unarmed Combat | 3 5 6 7 9 11 12 | 12.0
Throwing       | 3 6 7 8 10 | 10.6
Shields        | 3 4 5 |  5.0
Invocations    | 1 3 7 |  7.0
Fighting       | 3 4 5 |  5.0
Dodging        | |  2.4

Action                     |  1- 3 |  4- 6 |  7- 9 | 10-12 || total
---------------------------+-------+-------+-------+-------++-------
  Melee: Unarmed           |    80 |    64 |   244 |   163 ||   551
  Throw: Boomerang         |     1 |       |    32 |    62 ||    95
         Javelin           |     3 |     6 |     3 |    73 ||    85
         Dart              |       |     1 |     3 |       ||     4
 Invoke: Heroism           |       |       |       |     3 ||     3
    Use: Scroll            |     3 |       |     5 |     5 ||    13
         Potion            |       |       |       |     1 ||     1
 Armour: Robe              |    59 |    56 |   187 |   159 ||   461
  Dodge: Dodged            |    35 |    24 |    97 |    76 ||   232
  Block: Kite shield       |    46 |    23 |   140 |   167 ||   376
         Reflection        |       |       |       |     8 ||     8
